 Dungeon Crawl Stone Soup version 0.26-a0-190-g75a3d40d47 (webtiles) character file.

Game seed: 12664759330530657781

1989067 jt the Champion of Chaos (level 27, 277/277 HPs)
             Began as a Deep Dwarf Fighter on July 4, 2020.
             Was the Champion of Makhleb.
             Escaped with the Orb
             ... and 3 runes!
             The game lasted 04:03:24 (51429 turns).

jt the Champion of Chaos (Deep Dwarf Fighter)      Turns: 51429, Time: 04:03:24

Health: 277/277    AC: 31    Str: 33    XL:     27
Magic:  26/26      EV:  8    Int: 10    God:    Makhleb [******]
Gold:   302        SH: 36    Dex: 12    Spells: 26/26 levels left

rFire    + + .     SeeInvis .   d - +4 sacred scourge (holy)
rCold    + + .     Faith    .   k - +10 tower shield of Ignorance {rN+ Int-4}
rNeg     + + +     Spirit   .   r - +8 gold dragon scales
rPois    +         Reflect  .   j - +2 helmet
rElec    +         Harm     .   l - scarf {repulsion}
rCorr    .                      R - +2 pair of gloves {Str+3}
MR       +++++                  D - +2 pair of boots {Fly}
Stlth    ..........             X - amulet "Zitawkow" {Acrobat Slay+2}
HPRegen  0.00/turn              A - ring of protection from fire
MPRegen  0.20/turn              T - ring of Okawaru's Approval {rElec rPois rC+ rN+}

@: flying, non-regenerating, repel missiles
A: damage resistance, heal wounds, iridescent scales 1, deformed body, low mp 2,
magic resistance 1, negative energy resistance 1, sense surroundings 3, poison
resistance, screaming 3, strong 1, MP-powered wands, no regeneration
0: Orb of Zot
}: 3/15 runes: barnacled, abyssal, gossamer
a: Heal Wounds, Minor Destruction, Lesser Servant of Makhleb, Major Destruction,
Greater Servant of Makhleb, Renounce Religion, Stop Flying


You escaped.
You worshipped Makhleb.
Makhleb was exalted by your worship.
You were not hungry.

You visited 12 branches of the dungeon, and saw 50 of its levels.
You visited the Abyss 1 time.
You also visited: Wizlab.

You collected 8847 gold pieces.
You spent 8545 gold pieces at shops.

Inventory:

Hand Weapons
 a - a +6 vampiric broad axe
 b - a +9 broad axe of flaming
 c - the +5 demon whip "Spellbinder" {antimagic, MR+}
   (You bought it in a shop on level 2 of the Orcish Mines)

   It reduces the magical energy of the wielder, and disrupts the spells and
   magical abilities of those hit.
   Natural abilities and divine invocations are not affected.
   It affects your resistance to hostile enchantments.
 d - a +4 sacred scourge of holy wrath (weapon)
Missiles
 e - 36 silver javelins (quivered)
 E - 17 javelins
 I - 5 throwing nets
 W - 16 curare-tipped darts
Armour
 j - a +2 helmet (worn)
 k - the +10 tower shield of Ignorance (worn) {rN+ Int-4}
   (You found it on level 5 of the Depths)

   It affects your intelligence (-4).
   It protects you from negative energy.
 l - a scarf of repulsion (worn)
 r - +8 gold dragon scales (worn)
 D - a +2 pair of boots of flying (worn)
 R - a +2 pair of gloves of strength (worn)
Jewellery
 m - the ring "Xahiw" {rN+ Int+7 SInv}
   (You found it on level 4 of the Depths)

   [ring of positive energy]

   It affects your intelligence (+7).
   It protects you from negative energy.
   It lets you see invisible.
 q - an uncursed ring of resist corrosion
 A - a ring of protection from fire (left hand)
 T - the ring of Okawaru's Approval (right hand) {rElec rPois rC+ rN+}
   (You took it off a hell knight on level 4 of the Depths)

   [ring of positive energy]

   It protects you from cold.
   It insulates you from electricity.
   It protects you from poison.
   It protects you from negative energy.
 X - the amulet "Zitawkow" (around neck) {Acrobat Slay+2}
   (You found it on level 3 of the Crypt)

   [amulet of the acrobat]

   It helps you evade while moving and waiting.
   It affects your accuracy and damage with ranged weapons and melee attacks
   (+2).
Wands
 o - a wand of enslavement (13)
 w - a wand of digging (18)
 K - a wand of iceblast (40)
 O - a wand of acid (12)
 Q - a wand of clouds (10)
 S - a wand of flame (26)
Scrolls
 g - 4 scrolls of silence
 h - 6 scrolls of blinking
 i - 11 scrolls of identify
 p - a scroll of summoning
 u - 16 scrolls of teleportation
 B - 26 scrolls of remove curse
 C - 3 scrolls of immolation
 H - 3 scrolls of fear
 M - 12 scrolls of fog
 N - 5 scrolls of holy word
Potions
 s - 2 potions of stabbing
 x - 14 potions of curing
 z - 3 potions of haste
 F - 2 potions of ambrosia
 G - 2 potions of magic
 J - a potion of resistance
 P - 4 potions of mutation
 Y - 4 potions of heal wounds
Miscellaneous
 n - the horn of Geryon
 v - a tin of tremorstones (3/3)
 L - a lightning rod (4/4)
 U - a phial of floods
 Z - 4 boxes of beasts
Comestibles
 f - 82 rations
 t - 7 chunks of flesh


   Skills:
 - Level 22.1 Fighting
 - Level 18.0(18.1) Axes
 - Level 4.2(12.0) Maces & Flails
 + Level 13.4 Throwing
 - Level 10.0 Armour
 - Level 5.0 Dodging
 + Level 22.3 Shields
 O Level 27 Invocations
 - Level 23.4 Evocations


You had 26 spell levels left.
You didn't know any spells.
Your spell library contained the following spells:

 Spells                   Type           Power        Failure   Level  Hunger
 Corona                   Hex            #......      100%        1    ##.....
 Foxfire                  Conj/Fire      #...         100%        1    ##.....
 Magic Dart               Conj           #...         100%        1    ##.....
 Summon Small Mammal      Summ           #...         100%        1    ##.....
 Blink                    Tloc           N/A          100%        2    ###....
 Call Imp                 Summ           #.......     100%        2    ###....
 Corpse Rot               Necr/Air       N/A          100%        2    ###....
 Passwall                 Tmut/Erth      #.......     100%        2    ###....
 Poisonous Vapours        Pois/Air       #.....       100%        2    ###....
 Searing Ray              Conj           #.....       100%        2    ###....
 Slow                     Hex            #.......     100%        2    ###....
 Sublimation of Blood     Necr           #.........   100%        2    ###....
 Swiftness                Chrm/Air       #.......     100%        2    ###....
 Call Canine Familiar     Summ           #.......     100%        3    ####...
 Conjure Flame            Conj/Fire      #.......     100%        3    ####...
 Dazzling Flash           Conj/Hex       #.....       100%        3    ####...
 Gell's Gravitas          Tloc           #.........   100%        3    ####...
 Inner Flame              Hex/Fire       #.......     100%        3    ####...
 Mephitic Cloud           Conj/Pois/Air  #.......     100%        3    ####...
 Portal Projectile        Hex/Tloc       #.....       100%        3    ####...
 Recall                   Summ/Tloc      N/A          100%        3    ####...
 Summon Guardian Golem    Hex/Summ       #.......     100%        3    ####...
 Cause Fear               Hex            #.........   100%        4    #####..
 Dispel Undead            Necr           #.......     100%        4    #####..
 Fulminant Prism          Conj/Hex       #.........   100%        4    #####..
 Ice Form                 Ice/Tmut       #.......     100%        4    #####..
 Iskenderun's Mystic Bla  Conj/Tloc      #.......     100%        4    #####..
 Leda's Liquefaction      Hex/Erth       #.........   100%        4    #####..
 Summon Ice Beast         Ice/Summ       #.......     100%        4    #####..
 Summon Lightning Spire   Summ/Air       #.......     100%        4    #####..
 Agony                    Necr           #.......     100%        5    ######.
 Aura of Abjuration       Summ           #.........   100%        5    ######.
 Bolt of Magma            Conj/Fire/Erth #.........   100%        5    ######.
 Excruciating Wounds      Chrm/Necr      #.........   100%        5    ######.
 Irradiate                Conj/Tmut      #.........   100%        5    ######.
 Iskenderun's Battlesphe  Conj/Chrm      #.......     100%        5    ######.
 Lee's Rapid Deconstruct  Erth           #.........   100%        5    ######.
 Silence                  Hex/Air        #.........   100%        5    ######.
 Summon Demon             Summ           #.........   100%        5    ######.
 Summon Forest            Summ/Tloc      #.........   100%        5    ######.
 Summon Mana Viper        Hex/Summ       #.......     100%        5    ######.
 Yara's Violent Unravell  Hex/Tmut       #.........   100%        5    ######.
 Conjure Ball Lightning   Conj/Air       #.........   100%        6    #######
 Darkness                 Hex            #.........   100%        6    #######
 Dispersal                Tloc           #.........   100%        6    #######
 Hydra Form               Tmut           #.........   100%        6    #######
 Invisibility             Hex            #.......     100%        6    #######
 Iron Shot                Conj/Erth      #.........   100%        6    #######
 Shadow Creatures         Summ           N/A          100%        6    #######
 Statue Form              Tmut/Erth      #........    100%        6    #######
 Dragon Form              Tmut           #.........   100%        7    #######
 Haunt                    Necr/Summ      #.........   100%        7    #######
 Malign Gateway           Summ/Tloc      #.........   100%        7    #######
 Orb of Destruction       Conj           #.........   100%        7    #######
 Spellforged Servitor     Conj/Summ      #.........   100%        7    #######
 Borgnjor's Revivificati  Necr           #.........   100%        8    #######
 Controlled Blink         Tloc           N/A          100%        8    #######
 Death's Door             Chrm/Necr      #.........   100%        8    #######
 Discord                  Hex            #.........   100%        8    #######
 Disjunction              Tloc           #.........   100%        8    #######
 Infestation              Necr           #.........   100%        8    #######
 Necromutation            Tmut/Necr      #.........   100%        8    #######
 Dragon's Call            Summ           #.........   100%        9    #######
 Shatter                  Erth           #.........   100%        9    #######
 Tornado                  Air            #.........   100%        9    #######
 Passage of Golubria      Tloc           Unusable     N/A         4    N/A

Dungeon Overview and Level Annotations

Branches:
Dungeon (15/15)            Temple (1/1) D:4            Lair (6/6) D:11
 Shoals (4/4) Lair:4       Spider (4/4) Lair:3        Slime (0/5) Lair:6
    Orc (2/2) D:9             Elf (0/3) Orc:2        Vaults (3/5) D:14
  Crypt (3/3) Vaults:3       Tomb (1/3) Crypt:3      Depths (5/5) D:15
   Hell (visited)             Zot (5/5) Depths:5     WizLab (visited)
    Dis: Hell:1         Geh: Hell:1         Coc: Hell:1         Tar: Hell:1

Altars:
Ashenzari
Dithmenos
Gozag
Hepliaklqana
Makhleb
Nemelex Xobeh
Okawaru
Qazlal
Ru
Trog
Uskayaw
Vehumet
Wu Jian
Xom
Yredelemnul
Beogh
Jiyva
Lugonu

Shops:
D:7 *   D:12 =[(*[   D:13 =   D:15 ?   Orc:2 [([!   Vaults:1 *![(*   Vaults:3 *
Depths:2 %   Depths:4 (!

Portals:
Hell: Depths:1 Depths:2 Depths:3 Depths:4 Depths:5
Abyss: Depths:3 Depths:4 Depths:5
Pandemonium: Depths:3
Ziggurat: Depths:5

Annotations:
D:8 3 runed translucent doors, Wiebster667's ghost, novice DgFi
Lair:2 2 transporters, Tuthropu's ghost, journeyman HuAr


Innate Abilities, Weirdness & Mutations

You are resistant to damage.
You can heal yourself by infusing magical energy.
You resist negative energy. (rN+)
You passively map a large area around you.
You do not regenerate.
You are partially covered in iridescent scales. (AC +2)
Armour fits poorly on your strangely shaped body.
Your magical capacity is very low. (-20% MP)
You are resistant to hostile enchantments. (MR+)
Your system is resistant to poisons. (rPois)
You frequently scream uncontrollably at your foes.
Your muscles are strong. (Str +2)
You expend magic power (3 MP) to strengthen your wands.


Message History

(N) Spider Nest (M) Slime Pits (O) Orcish Mines (E) Elven Halls (V) Vaults (C) Crypt (W) Tomb (U) Depths (H) Hell (Z) Zot
Where to? (Enter - D:1 @ (x,y), ? - help)
What level of the Dungeon? (default 1, ? - help)
An orange demon comes into view.
You block the orange demon's attack. x2
You thrash the orange demon!!
The orange demon convulses!!
The orange demon is almost dead.
You whack the orange demon!
You kill the orange demon!
Makhleb accepts your kill.
No target in view!
(D) Dungeon (T) Temple (L) Lair (A) Shoals (N) Spider Nest (M) Slime Pits (O) Orcish Mines (E) Elven Halls (V) Vaults (C) Crypt (W) Tomb (U) Depths (H) Hell (Z) Zot
Where to? (Enter - D:1 @ (x,y), ? - help)
There is a staircase leading out of the dungeon here.
You have escaped!

..####.#
#...≈..#...#...##..##.##
.......#
##...≈≈.≈...#..#........
..######
#.##.≈≈≈≈≈≈...##.#.##.## ..#
##.#.≈≈≈≈≈≈.≈.##.#.##.# ..#
#...≈.≈≈≈≈.≈#.##.#.##.#
..#########.≈≈≈≈≈≈≈≈≈####...##.#
........# #.≈≈≈≈≈≈≈≈..# #...##.#
...####.###.≈≈≈..≈≈.≈≈###...##.#
.#......##.≈≈≈.≈@≈.≈≈≈##.##.##.#
...####.#.#.≈.≈≈.≈≈≈≈.#...#.##.#
#### ###.#..≈≈≈≈≈≈≈≈.#.....##.#
..# ###.≈≈≈≈≈≈≈≈≈.###......# #.#
##...≈≈≈≈≈≈≈..###...####
#.#######≈≈.≈.≈≈≈≈≈≈.≈.##.#.#
#.......##≈≈≈≈.≈≈≈≈..≈.##...#
.....#####.≈≈≈≈..≈.#...##.###
####.# ##.≈≈≈.#..##...###


There were no monsters in sight!

Vanquished Creatures
  3 orbs of fire
  Mennas (Vaults:3)
  6 ancient liches
  Saint Roka (Depths:1)
  Boris (twice) (Depths:4 Depths:5)
  4 Killer Klowns
  Margery (Depths:4)
  A curse toe (Zot:1)
  Geryon (Hell)
  6 golden dragons
  12 caustic shrikes
  2 profane servitors (Crypt:3)
  2 bone dragons
  Nikola (Spider:4)
  The ghost of Nybbakke the Tortoise, an adept MiFi of Gozag (Vaults:3)
  A Tzitzimitl (D:2)
  3 electric golems
  A Hell Sentinel (Depths:3)
  An Ice Fiend (Zot:4)
  6 liches
  9 tentacled monstrosities
  Asterion (Spider:2)
  2 titans
  25 Orb Guardians
  A quicksilver dragon (Zot:1)
  3 death cobs (Zot:1)
  Murray (Hell)
  2 krakens
  2 Executioners
  An ancient champion (Crypt:1)
  2 tentacled starspawn (Abyss:3)
  Polyphemus (Shoals:4)
  3 sphinxes
  2 revenants
  3 tengu reavers
  3 shadow dragons
  2 daevas (Depths:5)
  A nagaraja (Abyss:3)
  8 storm dragons
  5 draconian knights
  4 draconian monks
  3 fire giants
  14 frost giants
  3 orc warlords
  4 cacodemons (WizLab)
  8 vault wardens
  2 deep elf sorcerers (Depths:4)
  5 ghost moths
  3 iron dragons
  Louise (Depths:5)
  13 draconian scorchers
  7 emperor scorpions
  3 draconian stormcallers
  2 balrugs
  7 curse skulls
  5 draconian annihilators
  2 spriggan defenders (Depths:2)
  4 reapers
  A deep elf elementalist (Depths:4)
  4 draconian shifters
  3 war gargoyles
  26 very ugly things
  4 ironheart preservers
  13 ghouls
  7 entropy weavers
  8 vampire knights
  A caustic shrike skeleton (Depths:3)
  22 stone giants
  A juggernaut skeleton (Crypt:1)
  A deep elf annihilator (Vaults:1)
  Nessos (Lair:4)
  16 yellow draconians
  A lorocyproca (D:10)
  9 green draconians
  12 white draconians
  2 deep elf demonologists
  A black sun (D:10)
  8 black draconians
  13 red draconians
  15 spark wasps
  3 merfolk javelineers
  A green death (Hell)
  7 purple draconians
  8 eidola
  4 merfolk impalers
  A deep elf death mage (Crypt:1)
  11 ettins
  A blizzard demon (Depths:4)
  A mummy priest (Crypt:3)
  13 jiangshi
  A quicksilver dragon zombie (Hell)
  14 yaktaur captains
  11 ogre magi
  3 deep elf high priests (Depths:4)
  6 fire dragons
  10 ice dragons
  4 great orbs of eyes
  6 rakshasas
  11 vault guards
  A hell beast (D:9)
  2 spriggan air magi (Depths:2)
  7 hydras
  An alligator snapping turtle (Shoals:2)
  3 death knights
  4 merfolk aquamancers
  Erica (D:11)
  13 centaur warriors
  40 two-headed ogres
  6 death scarabs (Tomb:1)
  5 merfolk avatars
  6 death yaks
  A two-headed ogre (shapeshifter) (Depths:1)
  10 tengu warriors
  13 deep troll shamans
  A queen ant (Spider:4)
  11 deep troll earth magi
  A satyr (shapeshifter) (D:11)
  3 satyrs
  A hell hog (D:5)
  A titan zombie (Crypt:3)
  5 spriggan berserkers
  4 vampire magi
  A shock serpent (shapeshifter) (Depths:2)
  2 orc high priests
  7 soul eaters
  2 iron golems (Hell)
  2 thrashing horrors (Abyss:3)
  16 hell knights
  Sonja (D:13)
  8 deep elf knights
  9 sun demons
  2 storm dragon zombies (Crypt:3)
  Nergalle (D:11)
  A salamander mystic (Depths:5)
  A wretched star (Abyss:3)
  9 iron trolls
  2 storm dragon skeletons
  A spark wasp zombie (Depths:3)
  A shadow wraith (Vaults:2)
  33 skeletal warriors
  A golden dragon zombie (Depths:3)
  2 unseen horrors (Depths:5)
  15 deep trolls
  A swamp dragon (shapeshifter) (Vaults:1)
  4 flayed ghosts
  3 glowing orange brains
  A shadow demon (Depths:5)
  13 sea snakes
  A gelid demonspawn (D:10)
  An infernal demonspawn (D:10)
  A torturous demonspawn (D:15)
  A death drake (Abyss:3)
  An orange crystal statue (Depths:5)
  A shadow dragon zombie (Crypt:3)
  3 necromancers
  3 wizards
  A golden dragon skeleton (Depths:3)
  21 harpies
  10 ironbrand convokers
  21 phantasmal warriors
  An iron giant skeleton (Crypt:2)
  3 deep elf archers
  9 orb spiders
  A sphinx zombie (Depths:3)
  2 tengu skeletons (Vaults:3)
  16 orc knights
  21 deep elf magi
  An orb spider (shapeshifter) (Vaults:3)
  11 ugly things
  20 fauns
  6 oklob plants (Lair:6)
  28 wolf spiders
  A sphinx skeleton (Depths:3)
  3 fire giant zombies
  3 frost giant zombies (Depths:3)
  3 salamanders (Depths:5)
  A shadow dragon skeleton (Depths:3)
  A worldbinder (Abyss:3)
  24 moths of wrath
  6 orc sorcerers
  6 cyclopes
  5 merfolk sirens
  6 manticores
  An eye of devastation (shapeshifter) (Depths:3)
  A moth of wrath (shapeshifter) (Depths:4)
  5 human skeletons (Vaults:3)
  7 rust devils (Hell)
  A torpor snail (shapeshifter) (Depths:4)
  A black mamba (shapeshifter) (Depths:1)
  A dire elephant zombie (Crypt:3)
  Maurice (Orc:1)
  A shock serpent zombie (Crypt:3)
  3 water nymphs
  3 guardian serpents
  3 torpor snails
  7 black mambas
  2 centaur zombies
  A fire giant skeleton (Depths:3)
  11 vault sentinels
  A frost giant skeleton (Depths:3)
  An apocalypse crab (Abyss:3)
  3 orange demons
  23 cane toads
  4 smoke demons
  3 gargoyles
  4 komodo dragons
  A rime drake (Lair:2)
  A green draconian zombie (Crypt:1)
  11 freezing wraiths
  4 kobold demonologists
  An efreet (Abyss:2)
  35 yaktaurs
  7 ice devils
  20 demonic crawlers
  4 red devils
  2 tormentors (WizLab)
  A guardian mummy (Crypt:3)
  2 ancient zymes (Abyss:3)
  3 yaktaurs (shapeshifter)
  2 tengu conjurers
  A queen bee (D:13)
  6 wind drakes
  2 harpy zombies (Crypt:3)
  14 trolls
  29 hornets
  2 hydra skeletons
  28 merfolk
  A polar bear (Lair:6)
  A bog body (Crypt:2)
  Grinder (D:5)
  A meliai (shapeshifter) (Depths:3)
  3 meliai (D:13)
  28 slime creatures
  33 jumping spiders
  4 tyrant leeches (Lair:6)
  16 dream sheep
  A hippogriff (shapeshifter) (Vaults:1)
  A fire dragon zombie (Crypt:3)
  A harpy skeleton (D:15)
  3 ice dragon zombies (Crypt:3)
  Prince Ribbit (D:5)
  35 blink frogs
  14 hippogriffs
  2 spriggan zombies (Depths:3)
  4 raiju (Abyss:3)
  4 snapping turtles
  2 meliai zombies (D:15)
  62 redbacks
  A guardian serpent skeleton (Crypt:2)
  30 flying skulls
  3 vampires
  7 starcursed masses (Abyss:3)
  A ynoxinul (WizLab)
  8 spriggans
  19 water elementals
  5 shadows
  2 black mamba zombies (Crypt:3)
  20 tarantellas
  5 wraiths
  2 ettin skeletons (Vaults:3)
  7 wyverns
  Eustachio (D:5)
  6 chaos spawn
  57 yaks
  3 fire elementals (Hell)
  A hog (shapeshifter) (Vaults:3)
  2 ushabtiu (Crypt:3)
  4 large abominations
  6 basilisks
  A human (shapeshifter) (Depths:5)
  2 hungry ghosts
  3 steam dragons
  12 vampire mosquitoes
  4 neqoxecs
  7 wargs
  An acid dragon (D:12)
  A deep troll zombie (Crypt:2)
  A monstrous demonspawn zombie (Crypt:1)
  27 soldier ants
  2 hell hounds (Hell)
  A cane toad zombie (Hell)
  10 water moccasins
  3 floating eyes
  11 porcupines
  A deep troll skeleton (Vaults:3)
  56 orc warriors
  5 sky beasts
  8 black bears
  An ice beast (D:13)
  A swamp dragon zombie (Crypt:3)
  16 necrophages
  4 phantoms
  23 ogres
  A snapping turtle zombie (Crypt:3)
  19 wolves
  An eye of draining (D:11)
  10 boggarts
  13 centaurs
  An elf skeleton (Vaults:3)
  6 crocodiles
  Blork the orc (D:5)
  A rime drake skeleton (Crypt:2)
  5 big kobolds
  29 bullfrogs
  A deep troll simulacrum (Vaults:3)
  A cyclops zombie (Crypt:1)
  A water moccasin zombie (D:6)
  8 wyvern skeletons
  A water moccasin skeleton (D:11)
  6 scorpions
  A yak zombie (Crypt:1)
  A human simulacrum (Vaults:2)
  9 wights
  21 killer bees (D:13)
  A queen bee zombie (Crypt:1)
  A howler monkey (D:11)
  A wolf zombie (Crypt:1)
  6 electric eels
  2 bullfrog zombies
  A crimson imp (Depths:3)
  A basilisk zombie (Crypt:2)
  2 quasits
  7 hounds
  2 human zombies
  2 jellies
  37 orc priests
  2 bullfrog skeletons
  8 centaur skeletons
  A gnoll shaman (Orc:2)
  An iguana (D:14)
  33 orc wizards
  28 worker ants
  A small abomination (Abyss:3)
  A killer bee zombie (D:7)
  An ogre zombie (Crypt:1)
  A hound zombie (D:11)
  A hound skeleton (D:6)
  A mummy (Tomb:1)
  A worker ant zombie (D:11)
  9 gnolls
  12 adders
  3 shadow imps
  17 white imps
  An ooze (D:9)
  An ufetubus (D:7)
  An adder skeleton (D:4)
  9 worms
  6 dart slugs
  2 leopard geckos
  130 orcs
  A ball python (D:3)
  5 giant cockroaches
  6 goblins
  6 hobgoblins
  6 jackals
  22 kobolds
  5 quokkas
  5 bats
  6 frilled lizards
  A jackal skeleton (D:8)
  2 leopard gecko skeletons
  A leopard gecko zombie (Crypt:2)
  2 quokka skeletons
  2 quokka zombies
  9 rats
  2 fungi
  A lurking horror (Abyss:3)
  15 plants
  2 starspawn tentacles (Abyss:3)
  4 tentacles
  6 withered plants (Crypt:3)
2483 creatures vanquished.

Vanquished Creatures (collateral kills)
  A curse toe (Zot:4)
  A bone dragon (Zot:4)
  A vault warden (Vaults:2)
  A ghost moth (Spider:4)
  An orc warlord (Orc:1)
  A stone giant (Vaults:3)
  A green death (WizLab)
  A merfolk impaler (Shoals:4)
  A yaktaur captain (Vaults:2)
  A vault guard (Depths:4)
  A catoblepas (Shoals:4)
  2 death knights
  A deep troll shaman (Depths:4)
  A skeletal warrior (Crypt:2)
  An unseen horror (shapeshifter) (Vaults:3)
  2 sea snakes (Shoals:4)
  A glowing orange brain (Vaults:2)
  A deep elf archer (Vaults:2)
  An ironbrand convoker (Vaults:3)
  An orc knight (Orc:1)
  A cyclops (Shoals:4)
  A manticore (Shoals:4)
  2 vault sentinels (Vaults:3)
  A demonic crawler (Spider:4)
  2 merfolk (Shoals:4)
  A jumping spider (Spider:4)
  A snapping turtle (Shoals:4)
  An orc warrior (Orc:1)
  A worker ant (D:11)
  An orc (Orc:1)
  A plant (Shoals:4)
35 creatures vanquished.

Vanquished Creatures (others)
  3 draconian knights
  An unseen horror (shapeshifter) (Depths:3)
  A yaktaur (Depths:2)
  A redback (Spider:4)
  An orc warrior (Vaults:1)
  A boggart (Depths:1)
  A killer bee (D:13)
  A wight (D:12)
  An orc (Orc:1)
  2 fungi (Lair:6)
  111 plants
  10 starspawn tentacles (Abyss:3)
  11 tentacles
  4 withered plants (Crypt:3)
149 creatures vanquished.

Grand Total: 2667 creatures vanquished

Notes
Turn   | Place    | Note
-------+----------+-------------------------------------------
     0 | D:1      | jt the Deep Dwarf Fighter began the quest for the Orb.
     0 | D:1      | Reached XP level 1. HP: 20/20 MP: 1/1
   188 | D:1      | Reached XP level 2. HP: 27/27 MP: 2/2
   736 | D:2      | Reached XP level 3. HP: 33/33 MP: 3/3
   953 | D:3      | Found an opulent altar of Gozag.
  1341 | D:2      | Reached XP level 4. HP: 24/40 MP: 4/4
  1817 | D:3      | Found a faded altar of an unknown god.
  1868 | D:3      | Reached skill level 5 in Shields
  1930 | D:3      | Reached XP level 5. HP: 27/46 MP: 4/4
  2196 | D:4      | Found a staircase to the Ecumenical Temple.
  2204 | Temple   | Entered the Ecumenical Temple
  2242 | Temple   | Became a worshipper of Makhleb the Destroyer
  2382 | D:4      | Reached skill level 5 in Axes
  2458 | D:4      | Found a hazy altar of Hepliaklqana.
  2713 | D:4      | Found a shattered altar of Ashenzari.
  2809 | D:5      | Entered Level 5 of the Dungeon
  2861 | D:5      | Noticed Eustachio
  2901 | D:5      | Killed Eustachio
  2901 | D:5      | Reached XP level 6. HP: 28/55 MP: 4/4
  2949 | D:5      | Reached XP level 7. HP: 32/61 MP: 5/5
  3143 | D:5      | Noticed Blork the orc
  3379 | D:5      | Noticed Prince Ribbit
  3407 | D:5      | Killed Prince Ribbit
  3407 | D:5      | Reached * piety under Makhleb
  3410 | D:5      | Killed Blork the orc
  3863 | D:5      | Noticed Grinder
  3885 | D:5      | Killed Grinder
  3885 | D:5      | Reached XP level 8. HP: 38/68 MP: 6/6
  4592 | D:7      | Found a hide-covered altar of Uskayaw.
  4700 | D:7      | Gained mutation: You passively map the area around you.
                  | [Deep Dwarf growth]
  4700 | D:7      | Reached XP level 9. HP: 44/74 MP: 6/6
  4893 | D:7      | Reached ** piety under Makhleb
  4958 | D:7      | Reached skill level 10 in Shields
  5228 | D:7      | Got a smoking scale mail
  5229 | D:7      | Identified the cursed +0 scale mail of the Wild Haggis
                  | {Str+2} (You found it on level 7 of the Dungeon)
  5283 | D:7      | Found Icenuur's General Store.
  5346 | D:7      | Reached skill level 10 in Axes
  5742 | D:8      | Found a sparkling altar of Nemelex Xobeh.
  5848 | D:8      | Found a sacrificial altar of Ru.
  5876 | D:8      | Reached *** piety under Makhleb
  6084 | D:8      | Found a runed translucent gate.
  6084 | D:8      | Found a runed translucent gate.
  6084 | D:8      | Found a viscous altar of Jiyva.
  6084 | D:8      | Found a runed translucent gate.
  6084 | D:8      | Noticed Wiebster667's ghost (novice DgFi)
  6259 | D:8      | Reached XP level 10. HP: 43/81 MP: 7/7
  6739 | D:9      | Found a sparkling altar of Nemelex Xobeh.
  6746 | D:9      | Reached **** piety under Makhleb
  6782 | D:9      | Found a stormy altar of Qazlal.
  6808 | D:9      | Found a staircase to the Orcish Mines.
  7220 | D:6      | Found a radiant altar of Vehumet.
  7437 | D:10     | Entered Level 10 of the Dungeon
  7442 | D:10     | Got an ichor-stained quarterstaff
  7447 | D:10     | Identified the +4 quarterstaff "Obluig" {elec, +Inv Str+4
                  | Int-4 Dex+4} (You found it on level 10 of the Dungeon)
  7534 | D:10     | Got a bone falchion
  7535 | D:10     | Identified the +9 falchion of the Lusting Rat {vorpal,
                  | *Slow rC+ Str+7} (You found it on level 10 of the Dungeon)
  7686 | D:10     | Reached XP level 11. HP: 88/88 MP: 8/8
  7861 | D:11     | Reached ***** piety under Makhleb
  7955 | D:11     | Found a staircase to the Lair.
  7995 | D:11     | Reached skill level 1 in Invocations
  8000 | D:11     | Noticed Erica
  8037 | D:11     | Killed Erica
  8037 | D:11     | Reached skill level 2 in Invocations
  8230 | D:11     | Noticed a two-headed ogre
  8230 | D:11     | Noticed Nergalle
  8240 | D:11     | Noticed a centaur warrior
  8274 | Lair:1   | Entered Level 1 of the Lair of Beasts
  8280 | Lair:1   | Reached skill level 3 in Invocations
  8586 | Lair:1   | Reached skill level 4 in Invocations
  8798 | Lair:1   | Noticed a six-headed hydra
  8820 | Lair:1   | Killed a six-headed hydra
  8820 | Lair:1   | Reached skill level 5 in Invocations
  9433 | Lair:2   | Reached skill level 6 in Invocations
  9471 | Lair:2   | Identified a scroll of acquirement
  9690 | Lair:2   | Identified the +7 spear "Ataacrul" {freeze, rN+ Dex+3}
  9690 | Lair:2   | Noticed a spriggan rider
  9693 | Lair:2   | Noticed Tuthropu's ghost (journeyman HuAr)
  9693 | Lair:2   | Identified the +7 trident "Goblinbane" {distort, rElec
                  | rPois Str-4 Stlth+}
  9693 | Lair:2   | Noticed a spriggan rider
  9694 | Lair:2   | Found a bloodstained altar of Trog.
  9703 | Lair:2   | Found a transporter.
  9728 | Lair:2   | Reached skill level 7 in Invocations
  9737 | Lair:2   | Found a transporter.
  9817 | Lair:2   | Gained mutation: You are surrounded by a mild repulsion
                  | field. (EV +2) [potion of mutation]
  9817 | Lair:2   | Gained mutation: Your system is resistant to poisons.
                  | (rPois) [potion of mutation]
  9817 | Lair:2   | Gained mutation: You are partially covered in iridescent
                  | scales. (AC +2) [potion of mutation]
 10068 | Lair:3   | Noticed a death yak
 10068 | Lair:3   | Noticed a death yak
 10068 | Lair:3   | Noticed a death yak
 10091 | Lair:2   | Killed a death yak
 10091 | Lair:2   | Reached XP level 12. HP: 96/96 MP: 14/14
 10182 | Lair:3   | Reached skill level 8 in Invocations
 10680 | Lair:3   | Killed a death yak
 10680 | Lair:3   | Reached skill level 9 in Invocations
 10690 | Lair:3   | Killed a death yak
 10836 | Lair:3   | Found a hole to the Spider Nest.
 11097 | Lair:3   | Reached skill level 15 in Shields
 11255 | Lair:4   | Noticed Nessos
 11267 | Lair:4   | Killed Nessos
 11267 | Lair:4   | Reached skill level 1 in Evocations
 11422 | Lair:4   | Reached skill level 15 in Axes
 11422 | Lair:4   | Reached skill level 10 in Invocations
 11499 | Lair:4   | Found a staircase to the Shoals.
 11545 | Lair:4   | Noticed a four-headed hydra
 11554 | Lair:4   | Killed a one-headed hydra
 11946 | Lair:5   | Reached ****** piety under Makhleb
 12028 | Lair:5   | Reached XP level 13. HP: 105/105 MP: 17/17
 12033 | Lair:5   | Reached skill level 5 in Armour
 12415 | Lair:5   | Reached skill level 5 in Evocations
 12533 | Lair:5   | Reached skill level 5 in Fighting
 12821 | Lair:6   | Entered Level 6 of the Lair of Beasts
 13215 | Lair:6   | Gained mutation: You resist negative energy. (rN+) [Deep
                  | Dwarf growth]
 13215 | Lair:6   | Reached XP level 14. HP: 117/117 MP: 18/18
 13217 | Lair:6   | Identified the +5 scale mail of Death's Door {rPois Int+4
                  | Stlth+} (You found it on level 6 of the Lair of Beasts)
 13513 | Lair:6   | Found a staircase to the Slime Pits.
 13587 | Lair:6   | Got a dazzling dagger
 13588 | Lair:6   | Identified the +6 dagger of Wu Jian {vamp, MR+ Dex+4} (You
                  | found it on level 6 of the Lair of Beasts)
 14134 | Spider:1 | Entered Level 1 of the Spider Nest
 14308 | D:7      | Bought a scroll of enchant weapon for 105 gold pieces
 14308 | D:7      | Bought a wand of clouds (5) for 378 gold pieces
 14324 | D:7      | Bought a scroll of blinking for 105 gold pieces
 14530 | D:11     | Reached skill level 11 in Invocations
 14532 | D:11     | Killed Nergalle
 14681 | D:11     | Reached skill level 12 in Invocations
 15168 | D:11     | Got a masterwork scimitar
 15529 | D:12     | Found Poutucs's Weapon Shop.
 15564 | D:12     | Found a frozen archway.
 15571 | D:12     | Identified the cursed +0 scimitar of Magnificence {freeze,
                  | rN+ Str+2} (You found it on level 11 of the Dungeon)
 15618 | D:12     | Found Juadapho's Jewellery Boutique.
 15625 | D:12     | Bought an uncursed ring of ice for 375 gold pieces
 15674 | D:12     | Reached skill level 13 in Invocations
 15690 | D:12     | Found Fezaal's Armour Boutique.
 15705 | D:12     | Found Dymodip's General Store.
 15708 | D:12     | Bought the +5 pearl dragon scales of Evolution {rN+ Str+2}
                  | for 1364 gold pieces
 15723 | D:12     | Bought a potion of haste for 110 gold pieces
 15723 | D:12     | Bought a scroll of teleportation for 33 gold pieces
 15742 | D:12     | Found Tuludo's Antique Armour Emporium.
 15750 | D:12     | Bought a glowing scarf for 168 gold pieces
 17098 | Spider:2 | Reached XP level 15. HP: 134/134 MP: 22/22
 17198 | Spider:2 | Reached skill level 14 in Invocations
 17337 | Spider:2 | Noticed Asterion
 17346 | Spider:2 | Noticed an Executioner
 17364 | Spider:2 | Killed Asterion
 17757 | Spider:2 | Reached skill level 10 in Fighting
 17790 | Spider:3 | Reached skill level 15 in Invocations
 18097 | Spider:3 | Killed a ghost moth
 18438 | Spider:4 | Entered Level 4 of the Spider Nest
 18552 | Spider:4 | Reached skill level 16 in Invocations
 18559 | Spider:4 | Killed a ghost moth
 18700 | Spider:4 | Killed a ghost moth
 19100 | Spider:4 | Reached XP level 16. HP: 151/151 MP: 25/25
 19268 | Spider:4 | Noticed Nikola
 19287 | Spider:4 | Killed Nikola
 19421 | Spider:4 | Reached skill level 17 in Invocations
 19944 | Spider:4 | Got a gossamer rune of Zot
 20129 | Spider:4 | Reached skill level 18 in Invocations
 20340 | Orc:1    | Entered Level 1 of the Orcish Mines
 20342 | Orc:1    | You are sucked into a shaft and drop 1 floor!
 20342 | Orc:2    | Entered Level 2 of the Orcish Mines
 20470 | Orc:1    | Reached skill level 1 in Throwing
 20956 | Orc:2    | Found a roughly hewn altar of Beogh.
 20993 | Orc:2    | Found a roughly hewn altar of Beogh.
 21198 | Orc:2    | Found a staircase to the Elven Halls.
 21222 | Orc:2    | Found a roughly hewn altar of Beogh.
 21359 | Orc:2    | Found Rilorr's Antique Armour Emporium.
 21360 | Orc:2    | Found a roughly hewn altar of Beogh.
 21363 | Orc:2    | Found Ciusen's Antique Weapon Shoppe.
 21502 | Orc:2    | Found a roughly hewn altar of Beogh.
 21540 | Orc:2    | Found a roughly hewn altar of Beogh.
 21571 | Orc:2    | Found a roughly hewn altar of Beogh.
 21628 | Orc:2    | Found a roughly hewn altar of Beogh.
 21641 | Orc:2    | Found Voddil's Antique Armour Shop.
 21672 | Orc:2    | Found a roughly hewn altar of Beogh.
 21863 | Orc:2    | Found a roughly hewn altar of Beogh.
 21873 | Orc:2    | Found Hiphul's Distillery.
 21955 | Orc:2    | Bought a glowing cloak for 187 gold pieces
 21955 | Orc:2    | Bought an embroidered cloak for 187 gold pieces
 22022 | Orc:1    | Noticed Maurice
 22033 | Orc:1    | Killed Maurice
 22706 | D:13     | Found a burning altar of Makhleb.
 22752 | D:13     | Reached XP level 17. HP: 164/164 MP: 26/26
 22840 | D:13     | Found Muroa's Jewellery Boutique.
 23097 | D:13     | Noticed Sonja
 23113 | D:13     | Killed Sonja
 23423 | D:14     | Reached skill level 19 in Invocations
 23467 | D:14     | Reached skill level 5 in Throwing
 23645 | D:14     | Found a gate to the Vaults.
 24083 | D:15     | Entered Level 15 of the Dungeon
 24170 | D:15     | Found a staircase to the Depths.
 24846 | D:15     | Found Baymp's Magic Scroll Emporium.
 25093 | D:13     | Bought the ring "Upep" {rElec rN+++ MR+ Int-5 Dex-4} for
                  | 739 gold pieces
 25182 | Vaults:1 | Entered Level 1 of the Vaults
 25260 | Vaults:1 | Found Muest's Assorted Antiques.
 25280 | Vaults:1 | Bought a scroll labeled IKHEIRODUW for 42 gold pieces
 25367 | Vaults:1 | Reached skill level 20 in Invocations
 25875 | Vaults:1 | Found Ufrykk's Distillery.
 26045 | Vaults:1 | Gained mutation: You passively map a large area around you.
                  | [Deep Dwarf growth]
 26045 | Vaults:1 | Reached XP level 18. HP: 176/176 MP: 28/28
 26065 | Vaults:1 | Found Motwuiri's Weapon Shoppe.
 26079 | Vaults:1 | Found Wajaogg's Assorted Antiques.
 26087 | Vaults:1 | Bought a scroll labeled KIUSAEL IKHLO for 35 gold pieces
 26098 | Vaults:1 | Found Duekled's Antique Armour Emporium.
 26125 | Vaults:1 | Found a huge runed gate.
 26125 | Vaults:1 | Found a huge runed gate.
 26125 | Vaults:1 | Found a huge runed gate.
 26125 | Vaults:1 | Found a huge runed gate.
 26126 | Vaults:1 | Found a huge runed gate.
 26126 | Vaults:1 | Found a huge runed gate.
 26126 | Vaults:1 | Found a huge runed gate.
 26126 | Vaults:1 | Found a huge runed gate.
 26127 | Vaults:1 | Found a huge runed gate.
 26129 | Vaults:1 | Found a huge runed gate.
 26129 | Vaults:1 | Found a huge runed gate.
 26129 | Vaults:1 | Found a huge runed gate.
 26129 | Vaults:1 | Found a huge runed gate.
 26129 | Vaults:1 | Found a huge runed gate.
 26129 | Vaults:1 | Found a huge runed gate.
 26129 | Vaults:1 | Found a huge runed gate.
 26130 | Vaults:1 | Found a huge runed gate.
 26131 | Vaults:1 | Found a huge runed gate.
 26139 | Vaults:1 | Found a huge runed gate.
 26139 | Vaults:1 | Found a huge runed gate.
 26139 | Vaults:1 | Found a huge runed gate.
 26139 | Vaults:1 | Found a huge runed gate.
 26139 | Vaults:1 | Found a huge runed gate.
 26139 | Vaults:1 | Found a huge runed gate.
 26139 | Vaults:1 | Found a huge runed gate.
 26140 | Vaults:1 | Found a huge runed gate.
 26141 | Vaults:1 | Found a huge runed gate.
 26156 | Vaults:1 | Found a huge runed gate.
 26156 | Vaults:1 | Found a huge runed gate.
 26156 | Vaults:1 | Found a huge runed gate.
 26156 | Vaults:1 | Found a huge runed gate.
 26156 | Vaults:1 | Found a huge runed gate.
 26157 | Vaults:1 | Found a huge runed gate.
 26158 | Vaults:1 | Found a huge runed gate.
 26159 | Vaults:1 | Found a huge runed gate.
 26160 | Vaults:1 | Found a huge runed gate.
 26530 | Vaults:1 | Reached skill level 15 in Fighting
 26536 | Vaults:1 | Reached skill level 21 in Invocations
 26586 | Vaults:1 | Got a flickering granite ring
 26587 | Vaults:1 | Identified the ring of Acos Fik {Fire rElec MR+} (You found
                  | it on level 1 of the Vaults)
 26938 | Vaults:2 | Reached skill level 1 in Dodging
 28240 | Vaults:3 | Reached XP level 19. HP: 140/188 MP: 29/29
 28242 | Vaults:3 | Reached skill level 22 in Invocations
 28428 | Vaults:3 | Found a staircase to the Crypt.
 28433 | Crypt:1  | Entered Level 1 of the Crypt
 28509 | Crypt:1  | Reached skill level 5 in Dodging
 28588 | Crypt:1  | Found the +3 giant club "Skullcrusher" {speed, Str+7}
 29250 | Crypt:1  | Identified the +1 plate armour of Jocud {rC+ rN++ Dex-5}
                  | (You found it on level 1 of the Crypt)
 29736 | Shoals:1 | Entered Level 1 of the Shoals
 30985 | Shoals:2 | Identified the +8 spear of Ruination {vamp, *Contam rF+
                  | Str+7 Int+3} (You found it on level 2 of the Shoals)
 31478 | Shoals:3 | Reached skill level 10 in Evocations
 32158 | Shoals:4 | Entered Level 4 of the Shoals
 32301 | Shoals:4 | Reached XP level 20. HP: 199/199 MP: 31/31
 32328 | Shoals:4 | Found the +0 pair of fencer's gloves {Riposte Dex+3}
 32337 | Shoals:4 | Identified the +1 falchion "Eprujam" {venom, MR- Int+6}
                  | (You found it on level 4 of the Shoals)
 32355 | Shoals:4 | Noticed Polyphemus
 32401 | Shoals:4 | Killed Polyphemus
 32419 | Shoals:4 | Identified the +7 flail of the Sybil {venom, rC+ Str+8}
 32427 | Shoals:4 | Reached skill level 10 in Armour
 32557 | Shoals:4 | Reached skill level 23 in Invocations
 32623 | Shoals:4 | Identified the +9 trident "Tuc Seb" {pain, rN+ MR+ Str-2
                  | Dex+3}
 32691 | Shoals:4 | Got a barnacled rune of Zot
 33741 | Vaults:3 | Found a runed translucent gate.
 33741 | Vaults:3 | Found a runed translucent gate.
 33741 | Vaults:3 | Found a runed translucent gate.
 33741 | Vaults:3 | Identified the cursed +1 leather armour of Quantum Leap
                  | {rC+ rN+ Slay-3 Stlth+}
 33741 | Vaults:3 | Noticed Nybbakke's ghost (adept MiFi)
 33745 | Vaults:3 | Found an iron altar of Okawaru.
 33800 | Vaults:3 | Killed Nybbakke's ghost
 33870 | Vaults:3 | Identified the +7 fustibalus "Ehoedufasku" {flame, rF+ MR+}
                  | (You found it on level 3 of the Vaults)
 34126 | Vaults:3 | Found Siob's Assorted Antiques.
 34134 | Vaults:3 | Bought a scroll labeled VITAOT QOH GEE for 33 gold pieces
 34146 | Vaults:3 | Noticed Mennas
 34184 | Vaults:3 | Killed Mennas
 34708 | Vaults:3 | Identified the Grimoire of Displaced Changing
 34909 | Crypt:2  | Found a magical portal.
 34921 | WizLab   | Entered Doroklohe's Tomb
 35174 | WizLab   | Gained mutation: Armour fits poorly on your strangely
                  | shaped body. [a cacodemon]
 35183 | WizLab   | Gained mutation: You tend to lose your temper in combat. [a
                  | neqoxec]
 35189 | WizLab   | Gained mutation: Your magical capacity is low. (-10% MP) [a
                  | cacodemon]
 35951 | Crypt:3  | Entered Level 3 of the Crypt
 36252 | Crypt:3  | Reached skill level 24 in Invocations
 36269 | Crypt:3  | Reached XP level 21. HP: 67/211 MP: 29/29
 36668 | Crypt:3  | Found a basalt altar of Yredelemnul.
 36896 | Crypt:3  | Noticed a profane servitor
 36896 | Crypt:3  | Noticed a profane servitor
 36919 | Crypt:3  | Killed a profane servitor
 36930 | Crypt:3  | Killed a profane servitor
 36953 | Crypt:3  | Identified the +8 dagger of Fragile Peace {vorpal, *Noise
                  | +Inv MR+ Str+5} (You found it on level 3 of the Crypt)
 36955 | Crypt:3  | Identified the Incunabulum of the Destructive Birds
 36963 | Crypt:3  | Got a translucent diamond amulet
 36964 | Crypt:3  | Identified the amulet "Zitawkow" {Acrobat Slay+2} (You
                  | found it on level 3 of the Crypt)
 37343 | Crypt:3  | Reached skill level 15 in Evocations
 37392 | Crypt:3  | Found a staircase to the Tomb.
 37472 | Tomb:1   | Entered Level 1 of the Tomb of the Ancients
 38318 | Depths:1 | Entered Level 1 of the Depths
 38353 | Depths:1 | Noticed Saint Roka
 38399 | Depths:1 | Killed Saint Roka
 38514 | Depths:1 | Found a gateway to Hell.
 38524 | Hell     | Entered the Vestibule of Hell
 38524 | Hell     | Noticed Geryon
 38524 | Hell     | Noticed Murray
 38548 | Hell     | Killed Geryon
 38561 | Hell     | Killed Murray
 38566 | Hell     | Reached skill level 25 in Invocations
 38741 | Depths:1 | Reached XP level 22. HP: 213/221 MP: 30/30
 38756 | Depths:1 | Found a corrupted altar of Lugonu.
 39532 | Depths:2 | Noticed a caustic shrike
 39533 | Depths:2 | Noticed a caustic shrike
 39535 | Depths:2 | Noticed a caustic shrike
 39537 | Depths:2 | Noticed a caustic shrike
 39542 | Depths:2 | Killed a caustic shrike
 39546 | Depths:2 | Reached skill level 26 in Invocations
 39547 | Depths:2 | Killed a caustic shrike
 39548 | Depths:2 | Killed a caustic shrike
 39550 | Depths:2 | Killed a caustic shrike
 39664 | Depths:2 | Noticed a caustic shrike
 39670 | Depths:2 | Noticed a caustic shrike
 39673 | Depths:2 | Noticed a caustic shrike
 39682 | Depths:2 | Killed a caustic shrike
 39687 | Depths:2 | Noticed a caustic shrike
 39691 | Depths:2 | Noticed a caustic shrike
 39699 | Depths:2 | Killed a caustic shrike
 39699 | Depths:2 | Reached XP level 23. HP: 215/232 MP: 32/32
 39700 | Depths:2 | Killed a caustic shrike
 39702 | Depths:2 | Killed a caustic shrike
 39711 | Depths:2 | Killed a caustic shrike
 39754 | Depths:2 | Identified the cursed -4 cloak of the Stallion {Int+4} (You
                  | found it on level 2 of the Depths)
 40103 | Depths:2 | Identified the Grimoire of Feathers and Calling
 40260 | Depths:2 | Found Ripix's Food Shoppe.
 40602 | Depths:3 | Noticed a caustic shrike
 40603 | Depths:3 | Noticed a caustic shrike
 40603 | Depths:3 | Noticed a caustic shrike
 40614 | Depths:3 | Killed a caustic shrike
 40619 | Depths:3 | Killed a caustic shrike
 40628 | Depths:3 | Killed a caustic shrike
 40688 | Depths:3 | Reached skill level 27 in Invocations
 41013 | Depths:3 | Found a one-way gate to the infinite horrors of the Abyss.
 41330 | Depths:3 | Found a one-way gate leading to the halls of Pandemonium.
 41661 | Depths:4 | Noticed Boris
 41675 | Depths:4 | Killed Boris
 41715 | Depths:4 | Noticed Margery
 41720 | Depths:4 | Identified the ring of Okawaru's Approval {rElec rPois rC+
                  | rN+}
 41737 | Depths:4 | Killed Margery
 41737 | Depths:4 | Reached XP level 24. HP: 247/247 MP: 32/32
 41916 | Depths:4 | Got a sparkling tin ring
 41917 | Depths:4 | Identified the ring "Yxakloc" {Ice Int+2} (You found it on
                  | level 4 of the Depths)
 41941 | Depths:4 | Found Tyoromyck's Antique Weapon Emporium.
 42151 | Depths:4 | Paralysed by a floating eye for 3 turns
 42663 | Depths:4 | Got a flickering lead ring
 42664 | Depths:4 | Identified the ring "Xahiw" {rN+ Int+7 SInv} (You found it
                  | on level 4 of the Depths)
 42686 | Depths:4 | Found Vehasasa's Distillery.
 42699 | Depths:4 | Bought a potion of heal wounds for 115 gold pieces
 42798 | Depths:5 | Entered Level 5 of the Depths
 42799 | Depths:5 | Noticed Boris
 43144 | Depths:5 | Killed Boris
 43148 | Depths:5 | Lost mutation: Armour fits poorly on your strangely shaped
                  | body. [potion of mutation]
 43148 | Depths:5 | Lost mutation: You tend to lose your temper in combat.
                  | [potion of mutation]
 43148 | Depths:5 | Lost mutation: You are surrounded by a mild repulsion
                  | field. (EV +2) [potion of mutation]
 43148 | Depths:5 | Gained mutation: Your mind is acute. (Int +2) [potion of
                  | mutation]
 43148 | Depths:5 | Gained mutation: You are resistant to hostile enchantments.
                  | (MR+) [potion of mutation]
 43166 | Depths:5 | Paralysed by a floating eye for 4 turns
 43171 | Depths:5 | Paralysed by a floating eye for 2 turns
 43196 | Depths:5 | Noticed Louise
 43205 | Depths:5 | Killed Louise
 43310 | Depths:5 | Found the +10 tower shield of Ignorance {rN+ Int-4}
 43614 | Depths:5 | Found a gate to the Realm of Zot.
 43713 | Depths:5 | Found a gateway to a ziggurat.
 43739 | Depths:5 | Reached XP level 25. HP: 173/259 MP: 32/32
 43741 | Depths:5 | Identified the +5 scale mail of Nacug {rElec rF+ Dex+4}
 43827 | Depths:5 | Noticed an ancient lich
 43838 | Depths:5 | Killed an ancient lich
 43943 | Depths:5 | Identified the cursed +2 hunting sling "Liseter" {vorpal,
                  | Int+3} (You found it on level 5 of the Depths)
 44272 | Depths:5 | Voluntarily entered the Abyss.
 44336 | Abyss:3  | Found a corrupted altar of Lugonu.
 44356 | Abyss:3  | Found a corrupted altar of Lugonu.
 44460 | Abyss:3  | Got an abyssal rune of Zot
 44478 | Abyss:3  | Found a corrupted altar of Lugonu.
 44677 | Depths:5 | Escaped the Abyss
 44876 | Vaults:1 | Bought 2 potions of resistance for 360 gold pieces
 44876 | Vaults:1 | Bought a potion of haste for 180 gold pieces
 45099 | Orc:2    | Bought the +5 demon whip "Spellbinder" {antimagic, MR+} for
                  | 2230 gold pieces
 45099 | Orc:2    | Found the +5 demon whip "Spellbinder" {antimagic, MR+}
 45111 | Orc:2    | Bought a glowing broad axe for 189 gold pieces
 45922 | Vaults:1 | Bought a potion of curing for 54 gold pieces
 45922 | Vaults:1 | Bought a potion of curing for 54 gold pieces
 46205 | Orc:2    | Bought a potion of heal wounds for 55 gold pieces
 46205 | Orc:2    | Bought a potion of heal wounds for 55 gold pieces
 46205 | Orc:2    | Bought a potion of heal wounds for 55 gold pieces
 46205 | Orc:2    | Bought a potion of heal wounds for 55 gold pieces
 46205 | Orc:2    | Bought a potion of heal wounds for 55 gold pieces
 46205 | Orc:2    | Bought a potion of haste for 110 gold pieces
 46205 | Orc:2    | Bought a potion of haste for 110 gold pieces
 46205 | Orc:2    | Bought a potion of haste for 110 gold pieces
 46723 | Zot:1    | Entered Level 1 of the Realm of Zot
 46727 | Zot:1    | Reached skill level 1 in Maces & Flails
 46904 | Zot:1    | Noticed an orb of fire
 46914 | Zot:1    | Gained mutation: Armour fits poorly on your strangely
                  | shaped body. [an orb of fire]
 46931 | Zot:1    | Gained mutation: You occasionally shout uncontrollably at
                  | your foes. [an orb of fire]
 46932 | Zot:1    | Gained mutation: Your flesh is cold resistant. (rC+) [an
                  | orb of fire]
 46941 | Zot:1    | Gained mutation: You are occasionally teleported next to
                  | monsters. [an orb of fire]
 46942 | Zot:1    | Lost mutation: Your mind is acute. (Int +2) [an orb of
                  | fire]
 46951 | Zot:1    | Killed an orb of fire
 47385 | Zot:4    | Noticed a Killer Klown
 47419 | Zot:4    | Killed a Killer Klown
 47686 | Zot:4    | Noticed a Killer Klown
 47724 | Zot:4    | Reached XP level 26. HP: 124/268 MP: 10/32
 47750 | Zot:4    | Noticed an orb of fire
 47785 | Zot:4    | Gained mutation: You sometimes yell uncontrollably at your
                  | foes. [an orb of fire]
 47820 | Zot:4    | Killed an orb of fire
 48187 | Zot:5    | Entered Level 5 of the Realm of Zot
 48655 | Zot:5    | Reached skill level 10 in Throwing
 48692 | Zot:5    | Noticed an ancient lich
 48693 | Zot:5    | Noticed an orb of fire
 48693 | Zot:5    | Noticed an orb of fire
 48693 | Zot:5    | Noticed an ancient lich
 48694 | Zot:5    | Noticed an orb of fire
 48699 | Zot:5    | Noticed an ancient lich
 48703 | Zot:5    | Noticed an orb of fire
 48703 | Zot:5    | Noticed an ancient lich
 48732 | Zot:5    | Noticed an ancient lich
 48734 | Zot:5    | Gained mutation: You are dopey. (Int -2) [an orb of fire]
 48831 | Zot:5    | Noticed an ancient lich
 48848 | Zot:5    | Gained mutation: Your magical capacity is very low. (-20%
                  | MP) [an orb of fire]
 48851 | Zot:5    | Killed an ancient lich
 48851 | Zot:5    | Gained mutation: Your body sometimes deteriorates upon
                  | taking damage. [an orb of fire]
 49493 | Vaults:1 | Bought a potion of curing for 105 gold pieces
 49493 | Vaults:1 | Bought a potion of curing for 105 gold pieces
 49493 | Vaults:1 | Bought a potion of curing for 105 gold pieces
 49562 | Vaults:1 | Bought a potion of curing for 54 gold pieces
 49562 | Vaults:1 | Bought a potion of curing for 54 gold pieces
 49562 | Vaults:1 | Bought a potion of curing for 54 gold pieces
 49585 | Vaults:1 | Bought a potion of haste for 420 gold pieces
 49717 | Depths:2 | Lost mutation: Your body sometimes deteriorates upon taking
                  | damage. [potion of mutation]
 49717 | Depths:2 | Lost mutation: You are occasionally teleported next to
                  | monsters. [potion of mutation]
 49717 | Depths:2 | Lost mutation: Your flesh is cold resistant. (rC+) [potion
                  | of mutation]
 49717 | Depths:2 | Gained mutation: You expend magic power (3 MP) to
                  | strengthen your wands. [potion of mutation]
 49717 | Depths:2 | Lost mutation: You are dopey. (Int -2) [potion of mutation]
 49717 | Depths:2 | Gained mutation: Your muscles are strong. (Str +2) [potion
                  | of mutation]
 50108 | Zot:5    | Killed an ancient lich
 50151 | Zot:5    | Gained mutation: You frequently scream uncontrollably at
                  | your foes. [an orb of fire]
 50171 | Zot:5    | Killed an orb of fire
 50326 | Zot:5    | Killed an ancient lich
 50398 | Zot:5    | Noticed an ancient lich
 50419 | Zot:5    | Killed an ancient lich
 50447 | Zot:5    | Noticed an ancient lich
 50481 | Zot:5    | Killed an ancient lich
 50481 | Zot:5    | Reached XP level 27. HP: 277/277 MP: 9/27
 50594 | Zot:5    | Got the Orb of Zot
 51429 | D:$      | Escaped with the Orb!

Illustrated notes

Levels and vault maps discovered:
D:1:      dpeg_arrival_subterranean_lakeside_camping, layout_loops_ring
D:2:      layout_loops_corners
D:3:      layout_basic, nicolae_overflow_crystal_walls,
          chequers_ecumenical_altar_twisty
D:4:      layout_basic, lemuel_doored_altar, lemuel_coloured_pillars_altar,
          minmay_temple_entry_drinking_statues, hangedman_decor_growths
D:5:      layout_gridville, first_ration, kennysheep_boxes, uniq_blork_the_orc,
          uniq_eustachio, uniq_prince_ribbit1, uniq_grinder
D:6:      layout_rooms, kennysheep_little_box
D:7:      layout_basic, lemuel_crystal_altar, serial_shops, nicolae_shop_stone,
          the_bakery
D:8:      layout_loops_ring, nemelex_xobeh_ov_fountains_minmay,
          nicolae_ru_awakened_eye, gammafunk_ghost_ooze
D:9:      layout_roguey, overflow_temple_1_default, orc_0_dummy,
          nemelex_dance_club_becter
D:10:     layout_roguey
D:11:     minmay_the_grid_square_5x5_5x5_mashed
          [minmay_the_grid_square_5x5_inner_v,
          minmay_the_grid_square_5x5_bracketed,
          minmay_the_grid_square_5x5_three,
          minmay_the_grid_square_5x5_checkered,
          minmay_the_grid_square_5x5_percent, minmay_the_grid_square_5x5_tie,
          minmay_the_grid_square_5x5_prize_gold,
          minmay_the_grid_square_5x5_trominoes,
          minmay_the_grid_square_5x5_prize_rear_guard,
          minmay_the_grid_square_5x5_detours, minmay_the_grid_square_5x5_mess,
          minmay_the_grid_square_5x5_minibox,
          minmay_the_grid_square_5x5_prize_itemx,
          minmay_the_grid_square_5x5_doubleslash,
          minmay_the_grid_square_5x5_forky, minmay_the_grid_square_5x5_v,
          minmay_the_grid_square_5x5_prize_junk,
          minmay_the_grid_square_5x5_checkered_statues,
          minmay_the_grid_square_5x5_prize_waves,
          minmay_the_grid_square_5x5_tri_point,
          minmay_the_grid_square_5x5_inner_z,
          minmay_the_grid_square_5x5_two_walls_a,
          minmay_the_grid_square_5x5_beaten_path,
          minmay_the_grid_square_5x5_longway,
          minmay_the_grid_square_5x5_intrusive_squares], layout_basic,
          lair_entry_dummy, kennysheep_generic_room_5, uniq_nergalle, uniq_erica
D:12:     layout_loops_ring, serial_shops, kennysheep_mini,
          nicolae_shop_crystal, nicolae_shop_overgrown_old_shop, shop, shop,
          portal_ice_cave_entry_imps
D:13:     layout_roguey, special_room [special_room_bee], basic_altar,
          serial_shops, nicolae_shop_waterfront, hive_lemuel, uniq_sonja
D:14:     layout_long_grid, david_vaults_1,
          hangedman_abyss_or_decor_jellyfish_corner
D:15:     grunt_enter_depths_hoard, layout_cave_pods, serial_shops,
          shop_fountains, dk_noncrumbling_3, minmay_misc_feat_enclosed
Temple:   dpeg_chambers_temple
Lair:1:   layout_misc_corridors, st_stairs_12, chequers_serial_rivers_room_b,
          serial_bayou_shore_b
Lair:2:   layout_chaotic_city, gammafunk_ghost_wrathful_warriors,
          chequers_serial_rivers_room_b
Lair:3:   layout_gridlike, spider_nest_entry_webs, grunt_megastairs_2,
          infiniplex_staircase_pool, serial_bayou_shore_a, uniq_urug
Lair:4:   layout_roguey, shoals_dummy_entry, uniq_nessos
Lair:5:   layout_gridlike, minivault_11, chequers_serial_rivers_room_a
Lair:6:   minmay_lair_end_frog_pond, layout_hall_layers,
          dpeg_slime_entry_corner, dpeg_oklob_1, infiniplex_staircase_pool_2
Shoals:1: layout_shoals
Shoals:2: layout_shoals
Shoals:3: layout_shoals, nicolae_shoals_circle_sea_wall
Shoals:4: shoals_end_grunt_garden, layout_shoals, uniq_polyphemus
Spider:1: layout_spider_delve, nicolae_spider_circle_web
Spider:2: layout_spider_delve, uniq_asterion
Spider:3: layout_spider_delve
Spider:4: guppyfry_spider_rune, minivault_29, uniq_nikola
Orc:1:    layout_caves, minmay_orc_treasury, uniq_maurice
Orc:2:    grunt_orc_community_town_hall, layout_caves,
          grunt_orc_community_big_house_2, grunt_orc_community_big_house_2,
          grunt_orc_community_house_3, grunt_orc_community_house_1,
          grunt_orc_community_house_1, grunt_orc_community_house_3,
          grunt_orc_community_house_2, grunt_orc_community_house_3, basic_altar,
          elves_outpost_lemuel
Vaults:1: v_rooms_2, hangedman_vaults_locks,
          hangedman_vaults_stretched_pinwheel, v_misc_27, v_misc_4,
          nicolae_vaults_little_squares_5, ontoclasm_vaults_shuriken,
          nicolae_vaults_angled_halls, vaults_room_grunt_arrival_checkpoint,
          vaults_door_vault, vaults_standard_mumra_enter_the_diamond,
          ontoclasm_vaults_loading_screen, layout_vaults_omnibox, serial_shops,
          nicolae_shop_stone, shop, nicolae_shop_behind_doors, shop,
          nicolae_shop_behind_doors
Vaults:2: nicolae_vaults_specimen_jars, v_alt_pattern_2,
          nicolae_vaults_network_square, vaults_room_corners,
          vaults_standard_mumra_enter_the_diamond, vaults_dpeg_hooks,
          vaults_mumra_minichess_inversion, v_misc_23, v_misc_23,
          vaults_dpeg_ring, layout_vaults_chaotic_city
Vaults:3: gammafunk_vaults_ghost_fury_of_okawaru, ontoclasm_vaults_chip,
          vaults_mumra_chevron_long, minmay_crypt_entry_skeletal_spiral,
          nicolae_vaults_rhombus_6, nicolae_vaults_ninety_degrees,
          nicolae_vaults_big_ls, vaults_room_corners, nicolae_vaults_alarming,
          vaults_standard_mumra_x, nicolae_vaults_murderbox, serial_ice_b,
          vaults_room_stairs_pillars, layout_vaults_ring, serial_shops,
          nicolae_shop_overgrown_old_shop, uniq_mennas
Crypt:1:  layout_misc_corridors, minmay_guarded_unrand_skullcrusher,
          grunt_crypt_arrival_split
Crypt:2:  layout_gridlike, infiniplex_enter_wizlab_spiral
Crypt:3:  evilmike_haunted_forest
Tomb:1:   uniq_frederick
Depths:1: layout_gridville, hangedman_abyss_or_decor_stabs, pf_coc_iceberg,
          minmay_misc_feat_square, chequers_serial_rivers_large_a,
          tgw_lugonu_bribe, uniq_saint_roka
Depths:2: grunt_twisty_corner, layout_basic, serial_shops, shop,
          minmay_misc_feat_doors, hell_entry, serial_bayou_shore_b
Depths:3: hangedman_screamer, layout_cave_shapes, rand_demon_pan_entry_4,
          solitary_fountain, hell_entry, serial_bayou, serial_bayou_shore_b,
          serial_bayou_lagoon_a, serial_bayou_pond_d, serial_bayou_pond_c,
          abyss_entry_small_statue_room
Depths:4: hangedman_spin_cycle, hell_entry, abyss_entry, uniq_boris
Depths:5: evilmike_zot_entry_hall, layout_cave_pools, enter_ziggurat_c,
          nicolae_abyss_entry_one_way_or_another, lightli_too_deep,
          horrible_house_mu
Hell
Zot:1:    layout_concentric_octagons, hangedman_elemental_corridor
Zot:2:    layout_cathedral_of_symmetry, st_small_dragon_hoard_1
Zot:3:    nicolae_zot_stationary_front, layout_basic, st_large_dragon_hoard_4
Zot:4:    grunt_zot_stairs_mandelzot, layout_misc_corridors
Zot:5:    layout_gridlike

Skill      XL: |  1  2  3  4  5  6  7  8  9 10 11 12 13 14 15 16 17 18 19 20 21 22 23 24 25 26 27 |
---------------+----------------------------------------------------------------------------------+-----
Axes           | 3 4 5 6 7 9 11 12 14 15 17 18 | 18.0
Shields        | 4 5 6 8 9 11 13 14 15 19 21 22 | 22.3
Invocations    | 7 10 13 16 18 20 21 22 24 25 26 27 | 27.0
Fighting       | 4 5 8 11 13 14 15 16 17 18 19 20 21 22 | 22.1
Evocations     | 3 6 10 13 16 18 20 23 | 23.4
Armour         | 4 5 6 9 10 | 10.0
Throwing       | 4 6 12 13 | 13.4
Dodging        | 4 5 |  5.0
Maces & Flails | 4 |  4.2

Action                   |  1- 3 |  4- 6 |  7- 9 | 10-12 | 13-15 | 16-18 | 19-21 | 22-24 | 25-27 || total
-------------------------+-------+-------+-------+-------+-------+-------+-------+-------+-------++-------
Melee: War axe           |   146 |   200 |   189 |       |       |       |       |       |       ||   535
       Broad axe         |       |       |   284 |   820 |  1078 |  1398 |  1862 |  1281 |  1401 ||  8124
       Mace              |       |       |       |     6 |       |       |       |       |       ||     6
       Staff             |       |       |       |       |       |    13 |       |       |       ||    13
       Sacred scourge    |       |       |       |       |       |       |    19 |       |    70 ||    89
       Trident           |       |       |       |       |       |       |       |     3 |       ||     3
       Demon whip        |       |       |       |       |       |       |       |       |   233 ||   233
Throw: Stone             |    21 |    28 |    21 |       |       |       |       |       |       ||    70
       Dart              |       |     5 |     8 |       |    34 |    46 |     2 |       |       ||    95
       Javelin           |       |       |     5 |       |       |       |     3 |       |     1 ||     9
       Boomerang         |       |       |     2 |    62 |    17 |       |       |       |       ||    81
Invok: Minor Destruction |       |       |       |     7 |       |     1 |       |       |       ||     8
       Major Destruction |       |       |       |     1 |       |     1 |       |       |       ||     2
       Lesser Servant of |       |       |       |       |     3 |     2 |       |       |       ||     5
       Greater Servant o |       |       |       |       |       |     3 |     6 |     1 |     2 ||    12
 Abil: Heal Wounds       |     1 |     5 |    13 |     1 |     1 |     3 |     1 |       |     4 ||    29
       Stop Flying       |       |       |       |       |       |       |     4 |     2 |       ||     6
       Evoke Flight      |       |       |       |       |       |       |     4 |     1 |     1 ||     6
Evoke: Wand              |       |       |       |     8 |     5 |    27 |    23 |     4 |     9 ||    76
       Tin of tremorston |       |       |       |       |       |     2 |     2 |     6 |       ||    10
       Lightning rod     |       |       |       |       |       |       |     2 |     3 |       ||     5
       Phial of floods   |       |       |       |       |       |       |     2 |       |       ||     2
  Use: Scroll            |       |     5 |    10 |    13 |    14 |     8 |    10 |     5 |    32 ||    97
       Potion            |       |       |     8 |     5 |     5 |     1 |     1 |     2 |    31 ||    53
 Stab: Distracted        |       |       |       |       |       |     2 |     2 |     1 |     1 ||     6
       Petrified         |       |       |       |       |       |       |    11 |       |       ||    11
       Confused          |       |       |       |       |       |       |     3 |       |     1 ||     4
  Eat: Chunk             |     2 |     3 |     7 |    20 |    16 |    24 |    15 |    15 |    11 ||   113
       Ration            |       |     1 |     1 |       |     3 |     2 |     7 |     1 |     5 ||    20
Armor: Scale mail        |    37 |       |       |       |   145 |       |       |       |       ||   182
       Plate armour      |    19 |   164 |   248 |   378 |   137 |       |       |       |       ||   946
       Skin              |       |       |     3 |       |       |       |       |       |       ||     3
       Pearl dragon scal |       |       |       |       |   424 |   532 |   626 |   499 |    70 ||  2151
       Gold dragon scale |       |       |       |       |       |       |       |       |   531 ||   531
Dodge: Dodged            |    24 |    40 |    69 |   159 |   471 |   417 |   617 |   464 |   227 ||  2488
       Repelled          |       |       |     2 |     2 |     5 |    30 |    49 |    21 |    14 ||   123
Block: Kite shield       |    63 |   152 |   284 |   544 |   806 |   923 |  1263 |   813 |       ||  4848
       Tower shield      |       |       |       |       |       |       |       |    99 |  1815 ||  1914

Table legend:
 A = Non-vault XP
 B = Vault XP
 C = Vault XP percentage of total XP
 D = Non-vault monster count
 E = Vault monster count
 F = Vault count percentage of total count
                 A         B        C        D         E       F
            +---------+---------+-------+---------+---------+-------
      Total |  712249 |  820420 |  53.5 |    1396 |    1070 |  43.4
            +---------+---------+-------+---------+---------+-------
        D:1 |      19 |       9 |  32.1 |      10 |       6 |  37.5
        D:2 |     129 |       0 |   0.0 |      26 |       0 |   0.0
        D:3 |      75 |       0 |   0.0 |      22 |       0 |   0.0
        D:4 |     128 |       0 |   0.0 |      10 |       0 |   0.0
        D:5 |     389 |     846 |  68.5 |      18 |       4 |  18.2
        D:6 |    1156 |       0 |   0.0 |      21 |       0 |   0.0
        D:7 |    1459 |     215 |  12.8 |      26 |       1 |   3.7
        D:8 |    1738 |       0 |   0.0 |      31 |       0 |   0.0
        D:9 |    2646 |     130 |   4.7 |      28 |       2 |   6.7
       D:10 |    2275 |       0 |   0.0 |      19 |       0 |   0.0
       D:11 |    3351 |   15464 |  82.2 |      30 |      49 |  62.0
       D:12 |    4643 |     126 |   2.6 |      30 |      12 |  28.6
       D:13 |    6321 |    6649 |  51.3 |      20 |      42 |  67.7
       D:14 |    7876 |     542 |   6.4 |      35 |       2 |   5.4
       D:15 |   20168 |    2087 |   9.4 |      48 |       2 |   4.0
     Lair:1 |    3028 |     325 |   9.7 |      14 |       2 |  12.5
     Lair:2 |    5757 |       0 |   0.0 |      25 |       0 |   0.0
     Lair:3 |    7117 |    1228 |  14.7 |      31 |       5 |  13.9
     Lair:4 |    3634 |    1315 |  26.6 |      11 |       1 |   8.3
     Lair:5 |    9197 |       0 |   0.0 |      34 |       0 |   0.0
     Lair:6 |   11638 |   16526 |  58.7 |      36 |      58 |  61.7
   Shoals:1 |   10791 |       0 |   0.0 |      23 |       0 |   0.0
   Shoals:2 |   20083 |       0 |   0.0 |      39 |       0 |   0.0
   Shoals:3 |    8376 |       0 |   0.0 |      13 |       0 |   0.0
   Shoals:4 |   23806 |   18292 |  43.5 |      50 |      27 |  35.1
   Spider:1 |    7800 |       0 |   0.0 |      26 |       0 |   0.0
   Spider:2 |   16375 |    2897 |  15.0 |      43 |       1 |   2.3
   Spider:3 |   10061 |      32 |   0.3 |      26 |       1 |   3.7
   Spider:4 |   23877 |   30781 |  56.3 |      51 |      83 |  61.9
      Orc:1 |     672 |   10408 |  93.9 |       9 |      40 |  81.6
      Orc:2 |    3906 |   11344 |  74.4 |      53 |      85 |  61.6
   Vaults:1 |   25506 |   31046 |  54.9 |      61 |      42 |  40.8
   Vaults:2 |   33226 |   17484 |  34.5 |      55 |      27 |  32.9
   Vaults:3 |   13686 |   49672 |  78.4 |      17 |      63 |  78.8
    Crypt:1 |   21758 |    9321 |  30.0 |      31 |      23 |  42.6
    Crypt:2 |   21243 |       0 |   0.0 |      29 |       0 |   0.0
    Crypt:3 |       0 |   77294 | 100.0 |       0 |     115 | 100.0
     Tomb:1 |    5907 |       0 |   0.0 |      10 |       0 |   0.0
   Depths:1 |   24351 |    6729 |  21.7 |      32 |       9 |  22.0
   Depths:2 |   47762 |  134936 |  73.9 |      58 |      94 |  61.8
   Depths:3 |   43975 |   25016 |  36.3 |      41 |      33 |  44.6
   Depths:4 |       0 |  104070 | 100.0 |       0 |      91 | 100.0
   Depths:5 |   59413 |   32543 |  35.4 |      46 |      25 |  35.2
       Hell |   11881 |   23041 |  66.0 |      12 |      32 |  72.7
      Zot:1 |   83472 |       0 |   0.0 |      58 |       0 |   0.0
      Zot:2 |   14000 |     962 |   6.4 |       8 |       1 |  11.1
      Zot:3 |    1995 |       0 |   0.0 |       1 |       0 |   0.0
      Zot:4 |   50497 |   43910 |  46.5 |      35 |      24 |  40.7
      Zot:5 |   27262 |  115509 |  80.9 |      18 |      30 |  62.5
    Abyss:2 |     956 |       0 |   0.0 |       3 |       0 |   0.0
    Abyss:3 |    6868 |   16114 |  70.1 |      23 |      20 |  46.5
     WizLab |       0 |   13557 | 100.0 |       0 |      18 | 100.0
            +---------+---------+-------+---------+---------+-------
